 Dungeon Sprint DCSS version 0.29.1-2-gbd0b4ee654 (webtiles) character file.

Game seed: 9091536794483499712

17970 Groucho the Epochal (level 12, -3/103 HPs)
             Began as a Human Fighter on Nov 16, 2022.
             Was an Elder of Cheibriados.
             Killed from afar by a fire giant (36 damage)
             ... with a fireball
             ... in the Dungeon (Sprint IX: "|||||||||||||||||||||||||||||").
             The game lasted 00:13:02 (5101 turns).

Groucho the Epochal (Human Fighter)                 Turns: 5101, Time: 00:13:02

Health: -3/103     AC: 39    Str: 30    XL:     12   Next: 89%
Magic:  3/25       EV: 17    Int: 23    God:    Cheibriados [****..]
Gold:   1165       SH:  9    Dex: 26    Spells: 29/29 levels left

rFire   . . .      SeeInvis .   n - +2 scimitar (protect)
rCold   . . .      Faith    .   c - +0 buckler
rNeg    . . .      Spirit   .   l - +7 plate armour {ponderous}
rPois   .          Reflect  .   E - +1 helmet
rElec   .          Harm     .   a - +0 cloak
rCorr   .          Rampage  .   D - +1 pair of gloves
Will    .....      NoTele   +   F - +1 pair of boots
Stlth   ..........              (no amulet)
HPRegen 0.27/turn               p - +3 ring of strength
MPRegen 0.19/turn               q - +3 ring of intelligence

@: mighty, under a protective aura, very slow
A: no striking features
a: Renounce Religion, Bend Time, Temporal Distortion, Slouch


You were in the Dungeon.
You worshipped Cheibriados.
Cheibriados was greatly pleased with you.
You visited 1 branch You collected 1919 gold pieces.
You spent 754 gold pieces at shops.

Inventory:

Hand Weapons
 m - a +2 morningstar of protection
 n - a +2 scimitar of protection (weapon)
 C - a +1 demon blade of electrocution
Missiles
 f - 5 javelins (quivered)
 t - 6 stones
Armour
 a - a +0 cloak (worn)
 c - a +0 buckler (worn)
 l - a +7 plate armour of ponderousness (worn)
 D - a +1 pair of gloves (worn)
 E - a +1 helmet (worn)
 F - a +1 pair of boots (worn)
Jewellery
 p - a +3 ring of strength (left hand)
 q - a +3 ring of intelligence (right hand)
 y - a ring of willpower
 z - a ring of ice
 A - a ring of poison resistance
 B - a +4 ring of protection
Scrolls
 j - 3 scrolls of blinking
 k - 2 scrolls of amnesia
 o - a scroll of fog
 r - 5 scrolls of enchant armour
 s - 4 scrolls of identify
 v - 2 scrolls of fear
 x - a scroll of vulnerability
Potions
 d - a potion of might
 e - 2 potions of curing
 g - 2 potions of haste
 h - 3 potions of magic
 i - 3 potions of mutation
 u - 2 potions of heal wounds


   Skills:
 + Level 12.3 Fighting
 * Level 12.3 Long Blades
 + Level 8.0 Throwing
 * Level 12.8 Armour
 * Level 12.3 Dodging
 + Level 12.3 Shields
 + Level 9.1 Spellcasting
 - Level 14.0 Invocations


You had 29 spell levels left.
You didn't know any spells.
Your spell library was empty.

Dungeon Overview and Level Annotations

Branches:
Dungeon (1/1)

Altars:
Cheibriados
Dithmenos
Elyvilon
Fedhas
Gozag
Hepliaklqana
Kikubaaqudgha
Makhleb
Nemelex Xobeh
Okawaru
Qazlal
Ru
Sif Muna
Trog
Uskayaw
Vehumet
Wu Jian
Xom
Yredelemnul
Zin
The Shining One
Jiyva
Lugonu

Shops:
D ***(


Message History

You block the rakshasa's attack.
Your Dodging skill increases to level 12!
Unknown command.
Unknown command.
Unknown command.
Activating: Slouch (0% risk of failure)
Press: ? - help, Dir - look around, f - activate You can feel time thicken for a moment.
You kill the rakshasa!
Cheibriados appreciates the change of pace.
You kill the wizard!
Cheibriados appreciates the change of pace.
Cheibriados raises the support of your attributes as your movement slows.
Cheibriados lowers the support of your attributes as your movement quickens.
The fire dragon roars deafeningly!
The brown ugly thing gurgles horribly!
Your Spellcasting skill increases to level 9!
Unknown command.
Unknown command.
Activating: Slouch (0% risk of failure)
Press: ? - help, Dir - look around, f - activate You can feel time thicken for a moment.
You kill the brown ugly thing!
Cheibriados thoroughly appreciates the change of pace.
Cheibriados raises the support of your attributes as your movement slows.
Cheibriados lowers the support of your attributes as your movement quickens.
You flicker back into view.
A white ugly thing comes into view.
Your Throwing skill increases to level 8!
Unknown command.
Activating: Slouch (0% risk of failure)
Press: ? - help, Dir - look around, f - activate You can feel time thicken for a moment.
You kill the ettin!
Cheibriados thoroughly appreciates the change of pace.
Cheibriados raises the support of your attributes as your movement slows.
You kill the tengu reaver!
Cheibriados appreciates the change of pace.
The fire giant gestures at you while chanting.
The fireball explodes!
The fireball engulfs you!!!
You die...

▓.▓.▓'▓.▓.▓.▓
▓)▓.▓?▓.▓)▓.▓.▓
▓.▓.▓[▓.▓∩▓.▓u▓
▓[▓.▓.▓.▓.▓.▓)▓
▓[▓.▓.▓.▓∩▓.▓D▓
▓.▓.▓.▓.▓.▓.▓)▓
▓.▓.▓.▓.▓∩▓.▓C▓
▓[▓.▓.▓.▓)▓.▓)▓
▓.▓.▓.▓.▓∩▓.▓@▓
▓.▓.▓.▓.▓.▓.▓)▓
▓)▓.▓.▓.▓)▓.▓†▓
▓.▓.▓.▓.▓)▓.▓)▓
▓.▓.▓†▓.▓)▓.▓'▓
▓'▓.▓'▓.▓)▓.▓.▓
▓_▓.▓.▓.▓'▓.▓.▓
▓_▓.▓.▓.▓.▓.▓.▓
▓_▓.▓.▓.▓.▓.▓.▓


You could see a fire giant, a fire dragon and a white ugly thing.

Vanquished Creatures
  A tengu reaver (D)
  2 ettins (D)
  2 hydras (D)
  A rakshasa (D)
  A two-headed ogre (D)
  A skeletal warrior (D)
  A wizard (D)
  2 lindwurms (D)
  10 orc knights (D)
  2 ugly things (D)
  Maurice (D)
  4 black mambas (D)
  A cane toad (shapeshifter) (D)
  2 cane toads (D)
  A gargoyle (D)
  A rime drake (D)
  3 komodo dragons (D)
  A slime creature (D)
  4 tyrant leeches (D)
  A dream sheep (D)
  A yak (D)
  A wyvern (D)
  A basilisk (D)
  A steam dragon (D)
  An acid dragon (D)
  2 water moccasins (D)
  An ice beast (D)
  17 orc warriors (D)
  A wolf (D)
  A phantom (D)
  3 bullfrogs (D)
  A howler monkey (D)
  A hound (D)
  4 orc priests (D)
  An iguana (D)
  3 orc wizards (D)
  2 worms (D)
  8 orcs (D)
  A bat (D)
  An endoplasm (D)
  A goblin (D)
  A hobgoblin (D)
  A giant cockroach simulacrum (D)
  A rat (D)
98 creatures vanquished.

Notes
Turn   | Place    | Note
-------+----------+-------------------------------------------
     0 | D        | Groucho the Human Fighter began the quest for the Orb.
     0 | D        | Reached XP level 1. HP: 18/18 MP: 1/1
    15 | D        | Reached skill level 1 in Dodging
    19 | D        | Reached XP level 2. HP: 12/24 MP: 2/2
   266 | D        | Noticed a phantom
   266 | D        | Noticed an ice beast
   283 | D        | Killed an ice beast
   284 | D        | Reached skill level 5 in Fighting
   284 | D        | Reached XP level 3. HP: 33/33 MP: 3/3
   284 | D        | Reached XP level 4. HP: 39/39 MP: 4/4
   284 | D        | Reached XP level 5. HP: 44/44 MP: 5/5
   288 | D        | Reached skill level 5 in Armour
   288 | D        | Reached skill level 5 in Shields
   290 | D        | Killed a phantom
   291 | D        | Reached skill level 5 in Long Blades
   291 | D        | Reached XP level 6. HP: 48/52 MP: 6/6
   293 | D        | Reached skill level 5 in Dodging
   595 | D        | Found a snail-covered altar of Cheibriados.
   595 | D        | Found a shadowy altar of Dithmenos.
   595 | D        | Found a white marble altar of Elyvilon.
   595 | D        | Found a blossoming altar of Fedhas.
   595 | D        | Found an opulent altar of Gozag.
   596 | D        | Found a hazy altar of Hepliaklqana.
   597 | D        | Found a viscous altar of Jiyva.
   598 | D        | Found an ancient bone altar of Kikubaaqudgha.
   599 | D        | Became a worshipper of Cheibriados the Contemplative
   600 | D        | Found a corrupted altar of Lugonu.
   601 | D        | Found a burning altar of Makhleb.
   602 | D        | Found a sparkling altar of Nemelex Xobeh.
   603 | D        | Found an iron altar of Okawaru.
   604 | D        | Found a stormy altar of Qazlal.
   605 | D        | Found a sacrificial altar of Ru.
   606 | D        | Found a shimmering blue altar of Sif Muna.
   607 | D        | Found a bloodstained altar of Trog.
   608 | D        | Found a hide-covered altar of Uskayaw.
   609 | D        | Found a radiant altar of Vehumet.
   610 | D        | Found an ornate altar of the Wu Jian Council.
   611 | D        | Found a shimmering altar of Xom.
   612 | D        | Found a basalt altar of Yredelemnul.
   613 | D        | Found a glowing silver altar of Zin.
   614 | D        | Found a glowing golden altar of the Shining One.
   667 | D        | Noticed an orc warrior
   667 | D        | Noticed a two-headed ogre
   667 | D        | Noticed a wyvern
   667 | D        | Noticed a steam dragon
   667 | D        | Noticed a gargoyle
   675 | D        | Killed a gargoyle
   676 | D        | Reached skill level 4 in Invocations
   676 | D        | Reached XP level 7. HP: 29/60 MP: 6/10
   678 | D        | Killed a steam dragon
   678 | D        | Reached * piety under Cheibriados
   679 | D        | Reached skill level 5 in Invocations
   684 | D        | Killed a wyvern
   685 | D        | Reached skill level 6 in Invocations
   685 | D        | Reached XP level 8. HP: 53/67 MP: 7/12
   689 | D        | Killed a two-headed ogre
   690 | D        | Reached skill level 8 in Invocations
   691 | D        | Reached ** piety under Cheibriados
   698 | D        | Reached XP level 9. HP: 56/75 MP: 9/15
   703 | D        | Noticed a five-headed hydra
   703 | D        | Noticed a slime creature
   703 | D        | Noticed a cane toad
   712 | D        | Killed a cane toad
   712 | D        | Reached *** piety under Cheibriados
   713 | D        | Reached skill level 9 in Invocations
   721 | D        | Killed a slime creature
   722 | D        | Reached **** piety under Cheibriados
   731 | D        | Killed a six-headed hydra
   732 | D        | Reached skill level 10 in Invocations
  1303 | D        | Noticed a komodo dragon
  1303 | D        | Noticed a komodo dragon
  1303 | D        | Noticed a komodo dragon
  1308 | D        | Killed a komodo dragon
  1309 | D        | Reached skill level 1 in Throwing
  1309 | D        | Reached skill level 11 in Invocations
  1309 | D        | Reached XP level 10. HP: 83/83 MP: 18/18
  1313 | D        | Reached ***** piety under Cheibriados
  1316 | D        | Noticed a rime drake
  1326 | D        | Killed a komodo dragon
  1340 | D        | Killed a komodo dragon
  1354 | D        | Reached ****** piety under Cheibriados
  1360 | D        | Killed a rime drake
  1361 | D        | Reached skill level 10 in Fighting
  1361 | D        | Reached skill level 10 in Armour
  1361 | D        | Reached skill level 12 in Invocations
  1713 | D        | Noticed a cane toad
  1713 | D        | Noticed a cane toad
  1713 | D        | Noticed a black mamba
  1713 | D        | Noticed a black mamba
  1715 | D        | Noticed a black mamba
  1725 | D        | Noticed a black mamba
  1734 | D        | Killed a black mamba
  1735 | D        | Reached skill level 10 in Shields
  1735 | D        | Reached skill level 1 in Spellcasting
  1745 | D        | Killed a black mamba
  1745 | D        | Killed a black mamba
  1745 | D        | Killed a black mamba
  1746 | D        | Reached skill level 10 in Long Blades
  1746 | D        | Reached XP level 11. HP: 56/92 MP: 14/20
  1747 | D        | Reached skill level 10 in Dodging
  1747 | D        | Reached skill level 13 in Invocations
  2243 | D        | Noticed a lindwurm
  2243 | D        | Noticed a lindwurm
  2249 | D        | Killed a lindwurm
  2275 | D        | Reached skill level 5 in Throwing
  2275 | D        | Reached skill level 5 in Spellcasting
  2283 | D        | Killed a lindwurm
  2754 | D        | Noticed Maurice
  2772 | D        | Killed Maurice
  3041 | D        | Noticed an ettin
  3046 | D        | Killed an ettin
  3514 | D        | Noticed an orc knight
  3529 | D        | Noticed an orc knight
  3539 | D        | Reached skill level 14 in Invocations
  3541 | D        | Killed an orc knight
  3542 | D        | Killed an orc knight
  3612 | D        | Reached XP level 12. HP: 72/100 MP: 14/22
  4003 | D        | Found Wyen's Weapon Boutique.
  4013 | D        | Found Tory's General Store.
  4544 | D        | Found Tuhamy's General Store.
  4548 | D        | Found Cothrigef's General Store.
  4590 | D        | Bought a +7 plate armour of ponderousness for 420 gold
                  | pieces
  4608 | D        | Bought a scroll of enchant armour for 75 gold pieces
  4608 | D        | Bought a scroll of blinking for 75 gold pieces
  4608 | D        | Bought a potion of invisibility for 80 gold pieces
  4610 | D        | Bought a scroll of fog for 56 gold pieces
  4612 | D        | Bought a scroll of vulnerability for 48 gold pieces
  5053 | D        | Noticed a rakshasa
  5053 | D        | Noticed a seven-headed hydra
  5053 | D        | Noticed a skeletal warrior
  5062 | D        | Killed a skeletal warrior
  5064 | D        | Noticed a fire giant
  5066 | D        | Noticed an ettin
  5090 | D        | Killed a 20-headed hydra
  5095 | D        | Noticed a fire dragon
  5096 | D        | Noticed a tengu reaver
  5099 | D        | Killed a rakshasa
  5101 | D        | Killed an ettin
  5101 | D        | Killed a tengu reaver
  5101 | D        | Killed from afar by a fire giant

Illustrated notes

Levels and vault maps discovered:
D:        linesprint [early_d, line_temple, items_1, d_10, items_2, lair_1,
          lair_end, items_3, orc_1, orc_end, items_4, d_15, swamp_1, shoals_1,
          snake_1, spider_1, d_20, vaults_1, items_5, swamp_end, shoals_end,
          snake_end, spider_end, vaults_end, d_27, items_6, zot_1, zot_end,
          crypt_end, forest_end, elf_end, slime_end, tomb_end, abyss_end,
          pan_hell_end]

Skill      XL: |  1  2  3  4  5  6  7  8  9 10 11 12 |
---------------+-------------------------------------+-----
Dodging        | 1 3 4 6 7 9 10 12 | 12.3
Fighting       | 5 7 8 9 10 11 12 | 12.3
Long Blades    | 4 5 6 7 8 9 10 11 12 | 12.3
Armour         | 4 5 6 7 8 9 10 11 12 | 12.8
Shields        | 4 5 7 8 9 10 11 12 | 12.3
Invocations    | 4 6 8 11 12 14 | 14.0
Throwing       | 1 4 6 8 |  8.0
Spellcasting   | 3 7 9 |  9.1

Action                   |  1- 3 |  4- 6 |  7- 9 | 10-12 || total
-------------------------+-------+-------+-------+-------++-------
Melee: Long sword        |    29 |     9 |       |       ||    38
       Scimitar          |       |     6 |    41 |   212 ||   259
Throw: Javelin           |       |       |       |     4 ||     4
Invok: Slouch            |       |       |       |    29 ||    29
Evoke: Wand              |       |       |     6 |     4 ||    10
  Use: Potion            |     2 |     2 |     2 |    10 ||    16
       Scroll            |       |       |     1 |       ||     1
 Stab: Invisible         |       |     3 |     6 |    16 ||    25
       Distracted        |       |       |       |     1 ||     1
       Sleeping          |       |       |       |     1 ||     1
Armor: Scale mail        |     5 |       |       |       ||     5
       Ring mail         |       |       |    10 |    25 ||    35
       Plate armour      |       |       |       |    50 ||    50
Dodge: Dodged            |    17 |     4 |    31 |   214 ||   266
Block: Buckler           |     5 |     2 |    11 |    81 ||    99
